 Dungeon Crawl Stone Soup version 0.29.1-1-gd02db6906a (webtiles) character file.

Game seed: 11941834375190453777

459 Sanktem7 the Trooper (level 6, -3/60 HPs)
             Began as a Minotaur Fighter on Oct 2, 2022.
             Slain by Grinder (6 damage)
             ... in a sewer.
             The game lasted 00:06:42 (2864 turns).

Sanktem7 the Trooper (Minotaur Fighter)             Turns: 2864, Time: 00:06:43

Health: -3/60      AC: 11    Str: 27    XL:     6   Next: 78%
Magic:  5/5        EV:  6    Int:  5    God:
Gold:   182        SH:  4    Dex:  9    Spells: 5/5 levels left

rFire   + . .      SeeInvis .   A - +10 dagger of Ascent {chaos, +Blink rElec rF+ Str+4, short}
rCold   . . .      Faith    .   c - +0 buckler
rNeg    . . .      Spirit   .   o - +0 plate armour
rPois   .          Reflect  .   (helmet restricted)
rElec   +          Harm     .   (no cloak)
rCorr   +          Rampage  .   (no gloves)
Will    .....                   (no boots)
Stlth   ..........              (no amulet)
HPRegen 0.20/turn               x - ring of resist corrosion
MPRegen 0.09/turn               (no ring)

@: no status effects
A: horns 2, retaliatory headbutt
a: Evoke Blink


You were in a sewer.
You visited 1 branch of the dungeon, and saw 4 of its levels.
You also visited: Sewer.

You collected 182 gold pieces.


Innate Abilities, Weirdness & Mutations

You have a pair of horns on your head.
You reflexively headbutt those who attack you in melee.


   Skills:
 * Level 7.0 Fighting
 * Level 6.4 Axes
 - Level 3.6 Armour
 - Level 3.6 Shields


You had 5 spell levels left.
You didn't know any spells.
Your spell library contained the following spells:

 Spells                   Type           Power      Damage    Failure   Level
 Confusing Touch          Hex            0%         N/A       100%        3
 Yara's Violent Unravell  Hex/Tmut       0%         3d3       100%        5
 Enfeeble                 Hex            0%         N/A       100%        7

Inventory:

Hand Weapons
 a - a +0 war axe {axe}
 i - a +2 short sword of draining {short}
   (You took it off a kobold on level 1 of the Dungeon)
 A - the +10 dagger of Ascent (weapon) {chaos, +Blink rElec rF+ Str+4, short}
   (You found it on level 3 of the Dungeon)

   Each time it hits an enemy it has a different, random effect.
   Str:       It affects your strength (+4).
   rF:        It protects you from fire.
   rElec:     It insulates you from electricity.
   +Blink:    It lets you blink.
Missiles
 f - 47 stones (quivered) {throwing}
 m - 24 poisoned darts {throwing}
Armour
 b - a +0 scale mail
 c - a +0 buckler (worn)
 o - a +0 plate armour (worn)
   (You found it on level 1 of the Dungeon)
 D - a +0 pair of boots
   (You found it on level 4 of the Dungeon)
Jewellery
 n - an amulet of faith {!P}
   (You found it on level 1 of the Dungeon)
 x - a ring of resist corrosion (left hand)
   (You found it on level 2 of the Dungeon)
Wands
 y - a wand of polymorph (11)
   (You found it on level 3 of the Dungeon)
Scrolls
 e - 3 scrolls of teleportation {unknown}
 g - a scroll of poison {unknown}
 h - 2 scrolls of vulnerability {unknown}
 k - 6 scrolls of identify {unknown}
 l - a scroll of silence {unknown}
 p - a scroll of amnesia {unknown}
 q - a scroll of torment {unknown}
 r - a scroll of enchant weapon {unknown}
 t - a scroll of magic mapping {unknown}
 v - a scroll of blinking {unknown}
 w - a scroll of fog {unknown}
Potions
 d - a potion of might
 j - a potion of flight {unknown}
 s - a potion of brilliance {unknown}
 u - a potion of cancellation {unknown}
 z - 3 potions of heal wounds {unknown}
 B - a potion of degeneration {unknown}
 C - 2 potions of attraction {unknown}
 E - a potion of magic {unknown}

Dungeon Overview and Level Annotations

Branches:
Dungeon (4/15) Zot: 21329   Sewer (1/1) Zot: 5739
 Temple: D:4-7

Altars:
The Shining One

Annotations:
Sewer Grinder

#≈...≈# #≈...≈#
#≈...≈# #≈...≈#
#≈...≈# ≈...≈#
##)''##
#########5K...##
##≈≈≈≈≈≈#.@§.§..#
###.......'.......+
#∩[.....).'.§._.§.+
###.....))'.......+
##≈≈≈≈≈≈#...§...#
##########...###
####'#############
≈≈≈#...#≈≈≈≈≈≈#≈~≈#
~~~~~.....).~≈~≈≈~~~#


You could see Grinder (berserk) and a kobold.


Message History

You headbutt the kobold.
You kill the kobold!
Your Fighting skill increases to level 7! 😕 HP[+2]
You now have 60 max hp (+2).
You regained 2 hp, and now have 48/60 hp.
No target in view!
No target in view!
No target in view!
No target in view!
No target in view!
No target in view!
No target in view!
No target in view!
No target in view!
No target in view!
No target in view!
No target in view!
f - 47 stones {throwing} (gained 4)
Things that are here:
a +0 short sword {short}; a +0 short sword {short}; a kobold corpse
Found a gate leading back out of this place.
You see here a +0 whip {mace}. 😎 HP[+12]
Your hp is fully restored (60).
E - a bubbling golden potion You now have 182 gold pieces (gained 17).
z - 3 ruby potions (gained 2)
There is an open gate here.
You open the gate. 2 ufetubi and 2 kobolds come into view.
A kobold is wielding a +1 dagger of pain.
The ufetubus shouts!
The kobold shouts!
The ufetubus shouts!
The kobold shouts!
You hear a shout!
There are monsters nearby!
You closely miss the kobold. The kobold hits you but does no damage.
Grinder comes into view.
You closely miss the kobold. Your headbutt misses the kobold.
The kobold hits you with a +0 club. 😕 HP[-1]
You take 1 damage, and now have 59/60 hp.
You hit the kobold.
You kill the kobold!
You miss the ufetubus. The ufetubus hits you.
You block the ufetubus's attack. x2
The ufetubus barely misses you. x2; You furiously retaliate!
You headbutt the ufetubus!
You kill the ufetubus! 😕 HP[-1]
You take 1 damage, and now have 58/60 hp.
You hit the ufetubus.
The ufetubus is poisoned.
The ufetubus closely misses you. You block the ufetubus's attack. x2
The ufetubus barely misses you.
The kobold throws a stone.
The stone hits you but does no damage.
You closely miss the ufetubus. Your headbutt misses the ufetubus.
You block the ufetubus's attack.
The ufetubus hits you but does no damage. x3 😕 HP[+1]
You closely miss the ufetubus.
You kill the ufetubus!
You hit Grinder but do no damage. Your headbutt misses Grinder.
Grinder gestures at you. Pain shoots through your body!
You block the kobold's attack.
You hit Grinder.
Grinder goes berserk!
You headbutt Grinder! Grinder hits you!
You writhe in agony.
The kobold hits you but does no damage. 😕 HP[-9]
You take 9 damage, and now have 50/60 hp.
You hit Grinder. Your headbutt misses Grinder. Grinder barely misses you.
You block the kobold's attack. Grinder hits you! 😮 HP[-8]
You take 8 damage, and now have 42/60 hp.
You barely miss Grinder. Grinder hits you!
* * * LOW HITPOINT WARNING * * *
You writhe in agony.
* * * LOW HITPOINT WARNING * * *
The kobold hits you but does no damage. 😨 HP[-17]
You take 17 damage, and now have 25/60 hp.
MASSIVE DAMAGE!! (PAUSE)
The kobold attacks as you move away! You block the kobold's attack.
Grinder attacks as you move away! Grinder hits you.
* * * LOW HITPOINT WARNING * * *
You writhe in agony.
* * * LOW HITPOINT WARNING * * *
The kobold throws a stone.
The stone hits you but does no damage. Grinder barely misses you. 😨 HP[-9]
You take 9 damage, and now have 16/60 hp.
You hit Grinder.
Grinder convulses!
You headbutt Grinder! Grinder hits you!
* * * LOW HITPOINT WARNING * * *
You writhe in agony.
* * * LOW HITPOINT WARNING * * *
😱 HP[-14]
You take 14 damage, and now have 2/60 hp.
MASSIVE DAMAGE!! (PAUSE)
You hit Grinder. Grinder hits you but does no damage.
The kobold completely misses you. Grinder hits you but does no damage.
You closely miss Grinder. You headbutt Grinder. Grinder hits you.
You die...

Skill      XL: |  1  2  3  4  5  6 |
---------------+-------------------+-----
Fighting       | 4 5 6 7 |  7.0
Axes           | 3 4 5 6 |  6.4
Armour         | |  3.6
Shields        | |  3.6

Action                   |  1- 3 |  4- 6 || total
-------------------------+-------+-------++-------
Melee: War axe           |    97 |    38 ||   135
       Headbutt          |    14 |    14 ||    28
       Dagger            |       |    85 ||    85
Armor: Scale mail        |    28 |       ||    28
       Plate armour      |    38 |    95 ||   133
Dodge: Dodged            |    36 |    38 ||    74
Block: Buckler           |    22 |    34 ||    56

Levels and vault maps discovered:
D:1:      minmay_arrival_four_houses, layout_basic,
          hellmonk_ecumenical_altar_pennies_from_heaven, nrook_mini_backslash
D:2:      layout_rooms, basic_altar, minmay_hexomino_f4
D:3:      layout_rooms, uniq_natasha
D:4:      layout_layer_cave, gup_sewer_entry_pipe, uniq_eustachio
Sewer:    kennysheep_sewer_church

Notes
Turn   | Place    | Note
-------+----------+-------------------------------------------
     0 | D:1      | Sanktem7 the Minotaur Fighter began the quest for the Orb.
     0 | D:1      | Reached XP level 1. HP: 19/19 MP: 0/0
     0 | D:1      | magus.rc [v1.9.6]
   213 | D:1      | Found a faded altar of an unknown god.
   224 | D:1      | Reached skill level 4 in Fighting
   224 | D:1      | Reached XP level 2. HP: 18/27 MP: 1/1
   232 | D:1      | Reached skill level 3 in Axes
   858 | D:2      | Found a glowing golden altar of the Shining One.
   864 | D:2      | Reached XP level 3. HP: 29/29 MP: 2/2
   876 | D:2      | You pick up a book of Misfortune and begin reading...
   876 | D:2      | You add the spells Confusing Touch, Yara's Violent
                  | Unravelling and Enfeeble to your library.
  1306 | D:2      | Reached skill level 4 in Axes
  1555 | D:3      | Reached XP level 4. HP: 41/41 MP: 3/3
  1574 | D:3      | Reached skill level 5 in Fighting
  1592 | D:3      | Noticed Natasha
  1609 | D:3      | Killed Natasha
  1718 | D:3      | Noticed Natasha
  1725 | D:3      | Killed Natasha
  1856 | D:3      | Identified the +10 dagger of Ascent {chaos, +Blink rElec
                  | rF+ Str+4}
  2005 | D:3      | Noticed Natasha
  2009 | D:3      | Reached XP level 5. HP: 48/48 MP: 4/4
  2013 | D:3      | Killed Natasha
  2014 | D:3      | Reached skill level 5 in Axes
  2365 | D:4      | Reached skill level 6 in Fighting
  2503 | D:4      | Reached XP level 6. HP: 53/57 MP: 5/5
  2593 | D:4      | Found a glowing drain.
  2609 | Sewer    | Entered a sewer
  2703 | Sewer    | Reached skill level 6 in Axes
  2748 | Sewer    | Found a burning altar of Makhleb.
  2767 | Sewer    | Reached skill level 7 in Fighting
  2850 | Sewer    | Noticed Grinder
  2862 | Sewer    | HP: 6/60 [Grinder (10)]
  2862 | Sewer    | HP: 2/60 [Grinder (4)]
  2864 | Sewer    | Slain by Grinder

Vanquished Creatures
  A kobold brigand (Sewer)
  2 scorpions (D:4)
  A quasit (Sewer)
  An iguana (D:4)
  Natasha (thrice) (D:3)
  3 adders
  2 ufetubi (Sewer)
  A worm (D:2)
  2 dart slugs (D:3)
  7 orcs
  5 endoplasms
  6 giant cockroaches
  8 goblins
  8 hobgoblins
  6 jackals
  22 kobolds
  2 quokkas
  9 ball pythons
  5 bats
  3 frilled lizards (D:2)
  A kobold zombie (Sewer)
  2 rats
100 creatures vanquished.

Vanquished Creatures (others)
  An endoplasm (Sewer)
1 creature vanquished.

Grand Total: 101 creatures vanquished

Table legend:
 A = Non-vault XP
 B = Vault XP
 C = Vault XP percentage of total XP
 D = Non-vault monster count
 E = Vault monster count
 F = Vault count percentage of total count
                 A         B        C        D         E       F
            +---------+---------+-------+---------+---------+-------
      Total |     429 |     228 |  34.7 |      70 |      30 |  30.0
            +---------+---------+-------+---------+---------+-------
        D:1 |      37 |       0 |   0.0 |      21 |       0 |   0.0
        D:2 |      44 |       5 |  10.2 |      18 |       3 |  14.3
        D:3 |     133 |      33 |  19.9 |      19 |       1 |   5.0
        D:4 |     215 |       8 |   3.6 |      12 |       4 |  25.0
      Sewer |       0 |     182 | 100.0 |       0 |      22 | 100.0
            +---------+---------+-------+---------+---------+-------

Illustrated notes

Table legend:
 A = Kills in this place as a percentage of kills in entire the game.
 B = Kills by you in this place as a percentage of kills by you in the entire game.
 C = Kills by friends in this place as a percentage of kills by friends in the entire game.
 D = Other kills in this place as a percentage of other kills in the entire game.
 E = Experience gained in this place as a percentage of experience gained in the entire game.
 F = Experience gained in this place divided by the number of levels of this place that you have seen.
                   A       B       C       D       E      F
               +-------+-------+-------+-------+-------+----------------------
         Total | 100.0 | 100.0 |   N/A |   N/A | 100.0 | 131.4
       Dungeon |  78.0 |  78.0 |   N/A |   N/A |  72.3 | 118.8
         Sewer |  22.0 |  22.0 |   N/A |   N/A |  27.7 | 182.0
               +-------+-------+-------+-------+-------+----------------------

Table legend: (Time is in decaauts)
 A = Elapsed time spent in this place.
 B = Non-inter-level travel time spent in this place.
 C = Inter-level travel time spent in this place.
 D = Time resting spent in this place.
 E = Time spent auto-exploring this place.
 F = Levels seen in this place.
 G = Mean time per level.
                   A        B        C        D        E       F      G
               +--------+--------+--------+--------+--------+-----+--------+
         Total |   2930 |   2837 |     93 |      0 |   2041 |   5 |  586.0 |
       Dungeon |   2670 |   2577 |     93 |      0 |   1875 |   4 |  667.5 |
         Sewer |    259 |    259 |      0 |      0 |    165 |   1 |  259.0 |
               +--------+--------+--------+--------+--------+-----+--------+

Top non-repeatable levels by time:
     D:1: 878 daAuts
     D:3: 756 daAuts
     D:2: 702 daAuts
     D:4: 334 daAuts
   Sewer: 259 daAuts
